 Dungeon Crawl Stone Soup version 0.21.1-1-g345015f (webtiles) character file.

8 Iko the Vexing (level 2, -8/14 HPs)
             Began as a Spriggan Arcane Marksman on July 13, 2018.
             Killed from afar by Sigmund (9 damage)
             ... with a magic dart
             ... on level 2 of the Dungeon.
             The game lasted 00:02:48 (229 turns).

Iko the Vexing (Spriggan Arcane Marksman)            Turns: 229, Time: 00:02:49

Health: -8/14      AC:  2    Str:  6    XL:     2   Next: 0%
Magic:  5/5        EV: 18    Int: 14    God:
Gold:   19         SH:  0    Dex: 16    Spells: 2/3 levels left

rFire    . . .     SeeInvis +   a - +0 hunting sling
rCold    . . .     Gourm    .   (shield restricted)
rNeg     . . .     Faith    .   e - +0 robe
rPois    .         Spirit   .   (helmet restricted)
rElec    .         Reflect  .   (no cloak)
rCorr    .         Harm     .   (gloves unavailable)
MR       .....                  (boots unavailable)
Stlth    +.........             (no amulet)
HPRegen  0.04/turn              (no ring)
MPRegen  0.09/turn              (no ring)

@: very quick
A: very small, unfitting armour, see invisible, herbivore, speed 3, slow
metabolism 2
a: no special abilities


You were on level 2 of the Dungeon.
You were not hungry.

You visited 1 branch of the dungeon, and saw 2 of its levels.

You collected 19 gold pieces.

Inventory:

Hand Weapons
 a - a +0 hunting sling (weapon)
 b - a +0 spear
Missiles
 g - 13 stones (quivered)
Armour
 e - a +0 robe (worn)
Scrolls
 h - a scroll of magic mapping {unknown}
Books
 c - a book of Debilitation

   Spells                             Type                      Level
   a - Corona                         Hexes                        1
   b - Slow                           Hexes                        2
   c - Inner Flame                    Hexes/Fire                   3
   d - Portal Projectile              Hexes/Translocation          3
   e - Cause Fear                     Hexes                        4
   f - Leda's Liquefaction            Hexes/Earth                  4
Comestibles
 f - a ration


   Skills:
 + Level 0.7 Fighting
 + Level 2.7 Slings
 + Level 3.2 Dodging
 + Level 1.3 Spellcasting
 + Level 4.0 Hexes


You had 2 spell levels left.
You knew the following spells:

 Your Spells              Type           Power        Failure   Level  Hunger
a - Corona                Hex            ##.....      4%          1    ##.....


Dungeon Overview and Level Annotations

Branches:
Dungeon (2/15)

Altars:

Annotations:
D:2 Sigmund


Innate Abilities, Weirdness & Mutations

You are very small and have problems with some larger weapons.
You are too small for most types of armour.
You have supernaturally acute eyesight. (SInv)
You are a herbivore.
You cover ground extremely quickly.
You need consume almost no food.


Message History

Sigmund hits you from afar with a scythe.
* * * LOW HITPOINT WARNING * * *
Firing (i - inventory):
g - 16 stones (quivered)
Press: ? - help, Shift-Dir - straight line, f/p - Sigmund
Aim: Sigmund, wielding a scythe and wearing a robe (almost dead, slightly transparent)
You shoot a stone. The stone completely misses Sigmund.
Sigmund completely misses you.
Firing (i - inventory):
g - 15 stones (quivered)
Press: ? - help, Shift-Dir - straight line, f/p - Sigmund
Aim: Sigmund, wielding a scythe and wearing a robe (almost dead, slightly transparent)
You shoot a stone. The stone hits Sigmund.
Sigmund is almost dead.
Firing (i - inventory):
g - 14 stones (quivered)
Press: ? - help, Shift-Dir - straight line, f/p - Sigmund
Aim: Sigmund, wielding a scythe and wearing a robe (almost dead, slightly transparent)
You shoot a stone. The stone barely misses Sigmund.
Sigmund points at you and mumbles some strange words.
The magic dart hits you!
Ouch! That really hurt!
You die...

#....... #......
#..... ###....
####..... #.......
#.....(#
.#...(.@############
..................>.
.#(..@........####.#
#..(##.......# #.(.
#.......# ###
#######.... .#..
.#..# .$ .#


You could see Sigmund (invisible).

Vanquished Creatures
  A bat (D:2)
  2 giant cockroaches (D:1)
  A goblin (D:1)
  2 frilled lizards (D:2)
  2 rats
8 creatures vanquished.

Notes
Turn   | Place    | Note
-------+----------+-------------------------------------------
     0 | D:1      | Iko the Spriggan Arcane Marksman began the quest for the Orb.
     0 | D:1      | Reached XP level 1. HP: 9/9 MP: 3/3
   204 | D:2      | Reached skill level 4 in Hexes
   208 | D:2      | Reached XP level 2. HP: 14/14 MP: 5/5
   210 | D:2      | Noticed Sigmund
   229 | D:2      | Killed from afar by Sigmund

Skill      XL: |  1 |
---------------+----+-----
Hexes          | 4 |  4.0
Fighting       | |  0.7
Slings         | |  2.7
Dodging        | |  3.2
Spellcasting   | |  1.3

Action                   || total
-------------------------++-------
Melee: Spear             ||    17
 Fire: Hunting sling     ||    33
Armor: Robe              ||     2
Dodge: Dodged            ||    29
